AoeStats
← kolemy

QS Arena

503256900Analyzed
3v3 RM · 1mo ago on Aug 30, 2026· 61m 10s· 6 players
Game mode
Random Map
Map size
Normal (6 player)
Population
200
Speed
Normal
Resources
Standard
Victory
Conquest
Starting age
Dark Age
Ending age
Imperial Age
RankedLock teamsTeams togetherTeam positionsShared explorationLock speedFull tech treeHidden civsTurbo modeCheats
Victory
Defeat
🇮🇹 Byzantines · Italy
555
+10
🇮🇹 Britons · Italy
543
+10
🇬🇹 Vietnamese · Guatemala
535
+11
🇵🇱 Sicilians · Poland
428
-11
🇵🇱 Vikings · Poland
415
-10
🇵🇱 Britons · Poland
393
-9
markafc13
1:36 Loom
12:24 Feudal Age
13:58 Wheelbarrow
13:41 Horse Collar
13:51 Double-Bit Axe
14:25 Gold Mining
14:30 Stone Mining
20:15 Castle Age
18:34 Arson
19:08 Padded Archer Armor
18:59 Fletching
19:10 Scale Mail Armor
20:21 Forging
20:18 Scale Barding Armor
21:10 Heavy Plow
21:33 Bow Saw
23:30 Gold Shaft Mining
23:05 Caravan
24:36 Squires
24:22 Gambesons
23:58 Pikeman
24:26 Elite Skirmisher
31:58 Imperial Age
29:46 Treadmill Crane
29:56 Heated Shot
31:54 Hand Cart
34:42 Two-Man Saw
33:42 Halberdier
36:45 Iron Casting
36:26 Chain Mail Armor
36:26 Fortified Wall
36:11 Murder Holes
36:29 Masonry
36:08 Arrowslits
37:27 Conscription
38:47 Yeomen
40:42 Ballistics
41:22 Chemistry
40:29 Siege Engineers
40:24 Bodkin Arrow
40:44 Leather Archer Armor
41:00 Plate Mail Armor
42:20 Husbandry
41:41 Cavalier
43:28 Blast Furnace
43:02 Elite Longbowman
43:43 Imperial Skirmisher
44:50 Bracer
48:44 Ring Archer Armor
48:35 Chain Barding Armor
49:01 Hoardings
49:16 Hoardings
48:18 Onager
51:10 Warwolf
54:11 Plate Barding Armor
54:10 Architecture
53:28 Town Watch
Gelor91
0:43 Loom
10:02 Feudal Age
11:11 Double-Bit Axe
11:19 Gold Mining
18:44 Castle Age
17:47 Stone Mining
17:40 Horse Collar
18:23 Forging
19:50 Scale Barding Armor
19:46 Scale Mail Armor
20:16 Husbandry
20:21 Elite Skirmisher
22:04 Gold Shaft Mining
22:18 Heavy Plow
24:28 Treadmill Crane
28:36 Imperial Age
26:45 Wheelbarrow
26:22 Bow Saw
27:02 Crossbowman
27:36 Fletching
28:27 Padded Archer Armor
28:23 Bodkin Arrow
28:57 Fortified Wall
29:11 Ballistics
30:45 Two-Man Saw
30:24 Conscription
31:21 Caravan
31:34 Thumb Ring
33:05 Stone Shaft Mining
33:05 Crop Rotation
32:43 Arbalester
32:46 Imperial Skirmisher
34:09 Bracer
34:42 Hand Cart
34:41 Murder Holes
36:35 Squires
35:56 Pikeman
36:25 Arson
36:46 Heavy Camel Rider
37:23 Arrowslits
37:59 Chain Mail Armor
37:44 Gambesons
37:24 Capped Ram
40:22 Leather Archer Armor
40:41 Cavalier
43:00 Man-at-Arms
45:09 Chemistry
44:20 Long Swordsman
45:24 Two-Handed Swordsman
46:17 Champion
49:52 Elite Cataphract
54:06 Ring Archer Armor
54:13 Iron Casting
53:50 Halberdier
54:20 Siege Ram
54:28 Siege Ram
60:23 Logistica
kolemy
0:52 Loom
11:52 Feudal Age
12:24 Double-Bit Axe
19:17 Wheelbarrow
18:28 Town Watch
23:04 Castle Age
22:17 Horse Collar
23:01 Gold Mining
23:05 Stone Mining
23:08 Fletching
23:19 Padded Archer Armor
23:19 Scale Mail Armor
23:25 Scale Barding Armor
23:31 Forging
22:52 Man-at-Arms
25:37 Bow Saw
25:37 Heavy Plow
26:37 Crossbowman
27:23 Thumb Ring
27:18 Bodkin Arrow
29:45 Stone Shaft Mining
29:43 Caravan
30:57 Hand Cart
30:43 Town Patrol
37:34 Imperial Age
35:25 Leather Archer Armor
37:23 Treadmill Crane
38:04 Ballistics
37:40 Murder Holes
37:56 Fortified Wall
38:01 Arbalester
40:24 Chemistry
38:50 Pikeman
39:30 Squires
38:54 Capped Ram
40:27 Crop Rotation
40:11 Guilds
40:31 Coinage
40:07 Bracer
40:38 Ring Archer Armor
40:23 Chain Mail Armor
40:29 Chain Barding Armor
40:44 Iron Casting
41:28 Elite Battle Elephant
42:30 Paper Money
42:10 Chatras
52:28 Siege Engineers
52:15 Guard Tower
52:10 Arrowslits
52:46 Bombard Tower
52:17 Heated Shot
krystianmaziarczyk930
10:23 Feudal Age
12:14 Double-Bit Axe
20:31 Castle Age
19:58 Forging
19:35 Man-at-Arms
28:15 Pikeman
29:35 Iron Casting
31:08 Horse Collar
33:10 Heavy Plow
33:25 Bow Saw
36:48 Loom
37:39 Wheelbarrow
36:49 Town Watch
42:23 Imperial Age
40:10 Town Patrol
40:25 Hand Cart
40:40 Light Cavalry
42:41 Gold Mining
44:49 Two-Man Saw
44:28 Fletching
45:23 Bodkin Arrow
46:29 Blast Furnace
45:53 Conscription
46:04 Yeomen
46:30 Long Swordsman
52:53 Halberdier
56:12 Bracer
maziarczykolaf
5:16 Loom
8:34 Feudal Age
10:37 Stone Mining
11:47 Double-Bit Axe
13:08 Gold Mining
17:33 Castle Age
16:54 Forging
16:45 Scale Mail Armor
19:55 Bow Saw
25:52 Gold Shaft Mining
29:21 Caravan
31:57 Imperial Age
30:14 Iron Casting
31:15 Murder Holes
31:05 Treadmill Crane
31:22 Murder Holes
32:06 Elite Berserk
33:11 Conscription
32:53 Chieftains
35:15 Chain Mail Armor
35:41 Coinage
36:39 Arrowslits
37:26 Fortified Wall
38:39 Pikeman
39:52 Horse Collar
41:41 Blast Furnace
41:42 Squires
45:47 Banking
55:00 Hoardings
55:14 Light Cavalry
56:42 Scale Barding Armor
maziar903
6:17 Loom
9:47 Feudal Age
11:15 Double-Bit Axe
15:46 Man-at-Arms
19:26 Wheelbarrow
18:40 Town Watch
18:50 Horse Collar
23:39 Castle Age
23:42 Stone Mining
23:45 Gold Mining
28:21 Heavy Plow
28:03 Light Cavalry
28:54 Bloodlines
29:38 Hand Cart
29:24 Town Patrol
29:57 Scale Mail Armor
34:49 Long Swordsman
35:15 Gambesons
35:32 Squires
35:17 Arson
34:53 Pikeman
35:37 Husbandry
35:02 Elite Skirmisher
35:04 Crossbowman
35:50 Caravan
35:51 Murder Holes
37:32 Masonry
37:36 Clinker Construction
37:36 Padded Archer Armor
37:28 Fletching
38:27 Bow Saw
40:40 Coinage
41:28 Gold Shaft Mining
41:29 Stone Shaft Mining
47:32 Imperial Age
46:32 First Crusade
53:39 Leather Archer Armor
54:30 Chemistry
55:44 Elite Serjeant
Connection lost

Rejoining the realm…

Still unreachable

The connection could not be restored.

Session expired

The server has moved on; the page needs a fresh start.